 Dungeon Crawl Stone Soup version 0.24-a0-417-g1cce26a4d2 (webtiles) character file.

Game seed: 1989277295064977800

305 LabCoat the Chopper (level 6, -4/53 HPs)
             Began as a Hill Orc Fighter on June 10, 2019.
             Killed by nerve-wracking pain
             ... invoked by Grinder
              (6 damage)
             ... on level 4 of the Dungeon on June 11, 2019.
             The game lasted 00:11:32 (2976 turns).

LabCoat the Chopper (Hill Orc Fighter)              Turns: 2976, Time: 00:11:33

Health: -4/53      AC:  7    Str: 20    XL:     6   Next: 39%
Magic:  6/6        EV:  8    Int:  8    God:
Gold:   124        SH:  9    Dex: 11    Spells: 5/5 levels left

rFire    . . .     SeeInvis .   a - +0 war axe
rCold    . . .     Gourm    .   c - +0 shield
rNeg     . . .     Faith    .   b - +0 scale mail
rPois    .         Spirit   .   (no helmet)
rElec    .         Reflect  .   (no cloak)
rCorr    .         Harm     .   (no gloves)
MR       .....                  (no boots)
Stlth    ..........             h - amulet of the acrobat
HPRegen  0.17/turn              (no ring)
MPRegen  0.10/turn              (no ring)

@: no status effects
A: no striking features
a: no special abilities


You were on level 4 of the Dungeon.
You were not hungry.

You visited 1 branch of the dungeon, and saw 4 of its levels.

You collected 124 gold pieces.

Inventory:

Hand Weapons
 a - a +0 war axe (weapon)
Missiles
 i - 18 poisoned darts (quivered)
 p - 3 boomerangs
Armour
 b - a +0 scale mail (worn)
 c - a +0 shield (worn)
Jewellery
 h - an amulet of the acrobat (around neck)
 m - an uncursed ring of magical power
Scrolls
 j - a scroll of remove curse
 n - a scroll of blinking {unknown}
 o - a scroll of magic mapping {unknown}
Potions
 d - a potion of might
 e - a potion of haste
Comestibles
 f - 4 rations
 g - 2 chunks of flesh


   Skills:
 + Level 4.4 Fighting
 * Level 5.6 Axes
 + Level 0.9 Throwing
 + Level 4.5 Armour
 - Level 0.8 Dodging
 + Level 4.4 Shields


You had 5 spell levels left.
You didn't know any spells.
Your spell library was empty.

Dungeon Overview and Level Annotations

Branches:
Dungeon (4/15)
 Temple: D:4-7

Altars:
Dithmenos

Annotations:
D:4 Grinder


Message History

Your shield and scale mail prevent you from hitting Grinder.
Grinder is severely wounded.
Grinder hits you.
* * * LOW HITPOINT WARNING * * *
You writhe in agony.
* * * LOW HITPOINT WARNING * * *
It was a potion of brilliance.
You feel clever all of a sudden. Grinder hits you but does no damage.
You slash Grinder!
Grinder is almost dead.
Grinder hits you.
* * * LOW HITPOINT WARNING * * *
It was a potion of cancellation.
Your magical effects are unravelling.
You feel magically purged.
You feel a little less clever now. Grinder gestures at you.
Pain shoots through your body!
You die...

#########
####<.(((((##
#=...@(.....#
#....5..(......
.....(.......(...
#.............(..
#...........$.(.#
##.............##
#............##
#...........##


You could see Grinder.

Vanquished Creatures
  A hungry ghost (D:3)
  A worker ant (D:3)
  6 adders
  3 worms
  4 dart slugs
  2 leopard geckos (D:1)
  2 orcs (D:3)
  10 bats
  2 giant cockroaches
  8 goblins
  8 hobgoblins
  7 jackals
  A quokka (D:2)
  5 frilled lizards
  9 kobolds
  6 rats
75 creatures vanquished.

Notes
Turn   | Place    | Note
-------+----------+-------------------------------------------
     0 | D:1      | LabCoat the Hill Orc Fighter began the quest for the Orb.
     0 | D:1      | Reached XP level 1. HP: 19/19 MP: 1/1
   168 | D:1      | Reached XP level 2. HP: 27/27 MP: 2/2
   271 | D:1      | Reached skill level 3 in Axes
   674 | D:2      | Reached XP level 3. HP: 25/33 MP: 3/3
  1010 | D:2      | Reached XP level 4. HP: 22/40 MP: 4/4
  1852 | D:3      | Reached XP level 5. HP: 46/46 MP: 5/5
  1942 | D:3      | Reached skill level 4 in Axes
  2474 | D:3      | Noticed a hungry ghost
  2485 | D:3      | Killed a hungry ghost
  2485 | D:3      | Reached skill level 5 in Axes
  2485 | D:3      | Reached XP level 6. HP: 49/53 MP: 6/6
  2540 | D:3      | Found a shadowy altar of Dithmenos.
  2934 | D:4      | Noticed Grinder
  2949 | D:4      | Paralysed by Grinder for 2 turns
  2963 | D:4      | Paralysed by Grinder for 4 turns
  2975 | D:4      | HP: 2/53 [Grinder (3)]
  2976 | D:4      | Killed from afar by Grinder

Levels and vault maps discovered:
D:1:      lightli_arrival_lavapool, layout_basic, serial_bayou_pond_d,
          minmay_statues_item, solitary_fountain, minmay_pentomino_u4
D:2:      layout_rooms
D:3:      layout_loops_corners, nicolae_dithmenos_shadow_blocks
D:4:      layout_cave_pods, first_ration, serial_bayou, serial_bayou_pond_d,
          serial_bayou_lake_a, serial_bayou_pond_e, serial_bayou_pond_c,
          serial_shops, shop_statue, uniq_crazy_yiuf_cottage, uniq_grinder

Skill      XL: |  1  2  3  4  5 |
---------------+----------------+-----
Fighting       | 4 |  4.4
Axes           | 3 5 |  5.6
Shields        | 4 |  4.4
Armour         | 4 |  4.5
Throwing       | |  0.9
Dodging        | |  0.8

Action                   |  1- 3 |  4- 6 || total
-------------------------+-------+-------++-------
Melee: War axe           |    90 |   181 ||   271
Throw: Dart              |    20 |    29 ||    49
  Use: Scroll            |     5 |     3 ||     8
       Potion            |       |     2 ||     2
  Eat: Chunk             |       |    10 ||    10
Armor: Scale mail        |    35 |    82 ||   117
Dodge: Dodged            |    25 |    68 ||    93
Block: Shield            |    56 |    98 ||   154

Table legend:
 A = Non-vault XP
 B = Vault XP
 C = Vault XP percentage of total XP
 D = Non-vault monster count
 E = Vault monster count
 F = Vault count percentage of total count
                 A         B        C        D         E       F
            +---------+---------+-------+---------+---------+-------
      Total |     434 |       3 |   0.7 |      73 |       2 |   2.7
            +---------+---------+-------+---------+---------+-------
        D:1 |      22 |       3 |  12.0 |      12 |       2 |  14.3
        D:2 |      78 |       0 |   0.0 |      23 |       0 |   0.0
        D:3 |     334 |       0 |   0.0 |      38 |       0 |   0.0
            +---------+---------+-------+---------+---------+-------
